 Dungeon Crawl Stone Soup version 0.28-a0-1429-gf3d713df7a (webtiles) character file.

Game seed: 8262968491847894556

2138 shadowrider38 the Fighter (level 9, -21/59 HPs)
             Began as a Gargoyle Earth Elementalist on Jan 8, 2022.
             Was an Initiate of Gozag.
             Hit by a large rock thrown by a cyclops (25 damage)
             ... on level 8 of the Dungeon on Jan 9, 2022.
             The game lasted 00:37:01 (10360 turns).

shadowrider38 the Fighter (GrEE)                   Turns: 10360, Time: 00:37:01

Health: -21/59     AC: 14    Str: 11    XL:     9   Next: 30%
Magic:  12/12      EV: 12    Int: 21    God:    Gozag
Gold:   539        SH:  0    Dex: 10    Spells: 11/12 levels left

rFire   + . .      SeeInvis .   a - +2 short sword (venom)
rCold   . . .      Faith    .   (no shield)
rNeg    + . .      Spirit   .   t - +2 leather armour {rF+}
rPois   ∞          Reflect  .   (no helmet)
rElec   +          Harm     .   j - +0 cloak
rCorr   .          Rampage  .   (no gloves)
Will    .....                   e - +1 pair of boots
Stlth   +++.......              (no amulet)
HPRegen 0.19/turn               (no ring)
MPRegen 0.13/turn               (no ring)

@: no status effects
A: sickness immunity, AC +6, negative energy resistance 1, electricity
resistance, torment resistance 1, petrification resistance
a: Renounce Religion, Potion Petition, Call Merchant, Bribe Branch


You were on level 8 of the Dungeon.
You worshipped Gozag.
Gozag was pleased with you.
You visited 2 branches of the dungeon, and saw 9 of its levels.

You collected 629 gold pieces.
You paid 90 gold pieces to Gozag.

Inventory:

Hand Weapons
 a - a +2 short sword of venom (weapon)
 b - a +6 hunting sling
 p - a +3 mace
Missiles
 c - 169 stones
 d - 48 poisoned darts
 u - a boomerang
Armour
 e - a +1 pair of boots (worn)
 j - a +0 cloak (worn)
 t - a +2 leather armour of fire resistance (worn)
Magical Staves
 h - a staff of death
Scrolls
 f - a scroll of holy word {unknown}
 k - a scroll of vulnerability {unknown}
 m - a scroll of torment {unknown}
 n - a scroll of magic mapping {unknown}
 o - 2 scrolls of teleportation {unknown}
Potions
 g - 2 potions of lignification
 i - a potion of invisibility
 l - a potion of haste {unknown}
 q - a potion of might {unknown}
 s - a potion of curing {unknown}


   Skills:
 - Level 8.0 Fighting
 - Level 4.0 Short Blades
 + Level 1.6 Slings
 - Level 4.0 Dodging
 - Level 6.0 Stealth
 - Level 2.0 Spellcasting
 - Level 2.0 Transmutations
 - Level 6.0 Earth Magic


You had 11 spell levels left.
You knew the following spells:

 Your Spells              Type           Power      Damage    Failure   Level
a - Sandblast             Erth           54%        2d13      1%          1

Your spell library contained the following spells:

 Spells                   Type           Power      Damage    Failure   Level
 Passwall                 Tmut/Erth      15%        N/A       5%          2
 Stone Arrow              Conj/Erth      28%        3d8       17%         3
 Magic Dart               Conj           8%         1d3       19%         1
 Corpse Rot               Necr/Air       4%         N/A       28%         2
 Poisonous Vapours        Pois/Air       4%         N/A       28%         2
 Searing Ray              Conj           4%         2d4       28%         2
 Petrify                  Tmut/Erth      18%        N/A       36%         4
 Ignite Poison            Fire/Tmut/Pois 4%         N/A       41%         3
 Conjure Flame            Conj/Fire      2%         6-21      50%         3
 Dazzling Flash           Conj/Hex       4%         N/A       50%         3
 Borgnjor's Vile Clutch   Necr/Erth      7%         N/A       83%         5
 Animate Dead             Necr           1%         N/A       88%         4
 Fulminant Prism          Conj/Hex       1%         3d6       88%         4
 Iskenderun's Mystic Bla  Conj/Tloc      2%         2d3       88%         4
 Sticky Flame             Conj/Fire      2%         2d3       88%         4
 Death Channel            Necr           1%         N/A       100%        6
 Starburst                Conj/Fire      1%         6d3       100%        6
 Malign Gateway           Summ/Tloc      1%         N/A       100%        7
 Summon Horrible Things   Summ           1%         N/A       100%        8


Dungeon Overview and Level Annotations

Branches:
Dungeon (8/15)             Temple (1/1) D:5
   Lair: D:8-11

Altars:
Ashenzari
Cheibriados
Dithmenos
Elyvilon
Fedhas
Gozag
Hepliaklqana
Kikubaaqudgha
Makhleb
Nemelex Xobeh
Okawaru
Qazlal
Ru
Sif Muna
Trog
Uskayaw
Wu Jian
Xom
Yredelemnul
Zin
The Shining One

Shops:
D:1 =   D:3 [   D:4 *

Annotations:
D:1 exclusion: quokka
D:2 exclusion: downstairs
D:3 Sigmund


Innate Abilities, Weirdness & Mutations

You are immune to sickness and miasma.
Your stone body is resilient. (AC +6)
You are immune to poison.
You resist negative energy. (rN+)
You are resistant to electric shocks. (rElec)
You are resistant to unholy torment.
You are immune to petrification.


Message History

You hit the hornet zombie.
The hornet zombie is heavily damaged.
The hornet zombie barely misses you.
You barely miss the hornet zombie.
The hornet zombie is heavily damaged.
The hornet zombie hits you but does no damage.
The hornet zombie hits you.
You barely miss the hornet zombie.
The hornet zombie is heavily damaged.
The hornet zombie misses you.
You barely miss the hornet zombie.
The hornet zombie is heavily damaged.
The hornet zombie barely misses you.
You completely miss the hornet zombie.
The hornet zombie is heavily damaged.
The hornet zombie hits you but does no damage.
You closely miss the hornet zombie.
The hornet zombie is heavily damaged.
The hornet zombie hits you but does no damage.
You hit the hornet zombie but do no damage.
The hornet zombie is heavily damaged.
The hornet zombie hits you but does no damage.
The orc wizard gestures at you while chanting.
The magic dart hits you but does no damage.
The hornet zombie hits you.
The orc warrior shouts!
You hear a shout!
An orc comes into view. It is wielding a +0 trident.
The hornet zombie hits you!
* * * LOW HITPOINT WARNING * * *
The orc wizard gestures wildly while chanting.
The orc wizard flickers and vanishes!
Deactivating autopickup; reactivate with Ctrl-A.
The cyclops shouts!
The cyclops throws a large rock.
The large rock hits you!
* * * LOW HITPOINT WARNING * * *
The hornet zombie hits you.
* * * LOW HITPOINT WARNING * * *
The cyclops throws a large rock.
The large rock hits you!!
You die...
Your body crumbles into a pile of gold.

#o.####.# #.o.....#
#.####.### #...o.#
#.###.######### #.#
#.........#
#.###.........#### .
#.......Z......... ..
#.#.##...@....######
..#
#.#.##..............
....
#..#.#....<..###.#
..#.####.###........#
........##
##.......## .......##
##.......# ###.##..##
##.#..C..... #
#.#.###.###.....#.#
#.##.#.## #....##...


You could see a cyclops, an orc warrior and a hornet zombie.

Vanquished Creatures
  2 wyverns (D:7)
  An orc warrior (D:6)
  2 ogres
  2 necrophages
  A phantom (D:6)
  3 bullfrogs
  A wyvern zombie (D:5)
  A gnoll sergeant (D:5)
  2 scorpions
  2 electric eels (D:7)
  A howler monkey (D:5)
  A centaur zombie (D:7)
  2 centaur skeletons
  A bullfrog skeleton (D:6)
  2 jellies
  Crazy Yiuf (D:7)
  2 orc priests (D:4)
  2 hounds
  Jessica (D:2)
  6 orc wizards
  3 iguanas
  A hound skeleton (D:4)
  4 gnolls
  6 adders
  2 shadow imps (D:7)
  A white imp (D:5)
  A worm (D:2)
  2 dart slugs
  10 orcs
  11 ball pythons
  7 endoplasms
  2 giant cockroaches
  4 goblins
  4 hobgoblins
  5 jackals
  7 kobolds
  6 quokkas
  6 bats
  3 frilled lizards
  6 rats
  A spectral kobold (D:3)
128 creatures vanquished.

Vanquished Creatures (others)
  22 plants (D:7)
22 creatures vanquished.

Grand Total: 150 creatures vanquished

Notes
Turn   | Place    | Note
-------+----------+-------------------------------------------
     0 | D:1      | shadowrider38 the Gargoyle Earth Elementalist began the
                  | quest for the Orb.
     0 | D:1      | Reached XP level 1. HP: 10/10 MP: 3/3
    10 | D:1      | Found a broken altar of Ashenzari.
   206 | D:1      | Found Xusojygy's Jewellery Boutique.
   376 | D:1      | Reached XP level 2. HP: 16/16 MP: 5/5
   589 | D:1      | Reached skill level 1 in Fighting
  1485 | D:2      | Reached skill level 2 in Fighting
  1524 | D:2      | Reached XP level 3. HP: 21/21 MP: 6/6
  1886 | D:2      | Noticed Jessica
  1903 | D:2      | Killed Jessica
  1904 | D:2      | Reached XP level 4. HP: 24/26 MP: 5/7
  2793 | D:3      | Reached skill level 1 in Short Blades
  3238 | D:3      | Reached XP level 5. HP: 30/30 MP: 5/8
  3256 | D:3      | Noticed Sigmund
  3355 | D:3      | Found a hazy altar of Hepliaklqana.
  3699 | D:3      | Found a faded altar of an unknown god.
  3740 | D:3      | Found Sumaedos's Armour Shop.
  4141 | D:4      | Noticed a necrophage
  4159 | D:4      | Killed a necrophage
  4160 | D:4      | Reached skill level 5 in Stealth
  4160 | D:4      | Reached skill level 1 in Transmutations
  4160 | D:4      | Reached XP level 6. HP: 35/35 MP: 3/9
  4263 | D:4      | Found Ceussoush's General Store.
  4413 | D:4      | Reached skill level 3 in Fighting
  4674 | D:4      | Reached skill level 4 in Fighting
  4935 | D:4      | Reached XP level 7. HP: 43/43 MP: 3/10
  5622 | D:5      | Entered Level 5 of the Dungeon
  5911 | D:5      | Found a basalt altar of Yredelemnul.
  6015 | D:5      | Found an iron altar of Okawaru.
  6109 | D:5      | Found a staircase to the Ecumenical Temple.
  6127 | Temple   | Entered the Ecumenical Temple
  6183 | Temple   | Became a worshipper of Gozag Ym Sagoz the Greedy
  6229 | D:5      | Found a burning altar of Makhleb.
  6883 | D:5      | Found a hide-covered altar of Uskayaw.
  7022 | D:5      | Reached XP level 8. HP: 48/48 MP: 11/11
  7082 | D:6      | Reached skill level 5 in Fighting
  7143 | D:6      | Reached skill level 6 in Fighting
  7194 | D:6      | Found a white marble altar of Elyvilon.
  7723 | D:6      | Reached skill level 5 in Earth Magic
  8763 | D:7      | Reached skill level 7 in Fighting
  8778 | D:7      | Noticed a wyvern
  8790 | D:7      | Killed a wyvern
  9139 | D:7      | Found a glowing golden altar of the Shining One.
  9183 | D:7      | Noticed a wyvern
  9321 | D:7      | Reached skill level 8 in Fighting
  9358 | D:7      | Reached XP level 9. HP: 50/59 MP: 12/12
 10089 | D:7      | Found a runed translucent door.
 10090 | D:7      | Noticed Crazy Yiuf
 10107 | D:7      | Killed Crazy Yiuf
 10108 | D:7      | Reached skill level 1 in Slings
 10304 | D:8      | Noticed a cyclops
 10360 | D:8      | Hit by a large rock thrown by a cyclops

Illustrated notes

Levels and vault maps discovered:
D:1:      sevenhm_arrival_forest_fort_small_6, layout_loops_ring, serial_shops,
          nicolae_shop_statue_plus, minmay_fountain_box, skrybe_limestone_x
D:2:      minmay_angry_zag, layout_loops_corners, minmay_octomino_e4,
          uniq_jessica
D:3:      layout_loops_ring, nicolae_hepliaklqana_monster_ancestors,
          serial_shops, nicolae_shop_hallway_stairs,
          ebering_ecumenical_altar_hall, due_unseen_surprise, uniq_sigmund
D:4:      cheibrodos_pilgrimage, layout_basic, serial_shops, shop
D:5:      layout_loops_ring, okawaru_gym_becter, lemuel_round_altar,
          lemuel_coloured_pillars_altar, makhleb_heckhound_becter,
          minmay_temple_entry_gardened_gates
D:6:      layout_rooms, mainiacjoe_overflow_brackets
D:7:      layout_loops_corners, nicolae_overflow_crystal_walls,
          serial_bayou_ford_a, minmay_misc_feat_four_crosses,
          corexii_hall_statues_t, uniq_crazy_yiuf_cottage
D:8:      layout_loops_ring, david_lair_shrubbed, kennysheep_kite_vault
Temple:   cyrus_circular_temple

Skill      XL: |  1  2  3  4  5  6  7  8  9 |
---------------+----------------------------+-----
Fighting       | 2 4 8 |  8.0
Dodging        | 2 4 |  4.0
Stealth        | 3 4 5 6 |  6.0
Short Blades   | 1 2 4 |  4.0
Earth Magic    | 4 6 |  6.0
Transmutations | 1 2 |  2.0
Slings         | 1 |  1.6
Spellcasting   | |  2.0

Action                   |  1- 3 |  4- 6 |  7- 9 || total
-------------------------+-------+-------+-------++-------
Melee: Dagger            |    48 |   129 |     3 ||   180
       Flail             |     3 |       |       ||     3
       Punch             |     2 |       |     2 ||     4
       Short sword       |       |       |   210 ||   210
 Fire: Hunting sling     |       |       |    30 ||    30
Throw: Dart              |       |     4 |       ||     4
 Cast: Sandblast         |     4 |    22 |    34 ||    60
  Use: Scroll            |       |       |     2 ||     2
       Potion            |       |       |     2 ||     2
 Stab: Sleeping          |     8 |     7 |    10 ||    25
       Distracted        |       |     1 |       ||     1
Armor: Robe              |    19 |    16 |     4 ||    39
       Leather armour    |       |    41 |    91 ||   132
       Skin              |       |     2 |       ||     2
Dodge: Dodged            |    39 |    58 |   118 ||   215

Table legend: (Time is in decaauts)
 A = Elapsed time spent in this place.
 B = Non-inter-level travel time spent in this place.
 C = Inter-level travel time spent in this place.
 D = Time resting spent in this place.
 E = Time spent auto-exploring this place.
 F = Levels seen in this place.
 G = Mean time per level.
                   A        B        C        D        E       F      G
               +--------+--------+--------+--------+--------+-----+--------+
         Total |  10348 |   9906 |    442 |   3076 |   4708 |   9 | 1149.8 |
       Dungeon |  10277 |   9863 |    414 |   3076 |   4673 |   8 | 1284.6 |
        Temple |     71 |     43 |     28 |      0 |     35 |   1 |   71.0 |
               +--------+--------+--------+--------+--------+-----+--------+

Top non-repeatable levels by time:
     D:7: 2194 daAuts
     D:5: 1686 daAuts
     D:2: 1547 daAuts
     D:4: 1527 daAuts
     D:3: 1329 daAuts
     D:1: 1296 daAuts
     D:6: 613 daAuts
     D:8: 81 daAuts
  Temple: 71 daAuts
